 Dungeon Crawl Stone Soup version 0.28.0-45-g0d030f2227 (webtiles) character file.

Game seed: 8378760505583690802

63 101zpm the Gusty (level 4, -3/32 HPs)
             Began as a Gnoll Air Elementalist on Apr 21, 2022.
             Slain by Ijyb
             ... wielding a +0 club
              (7 damage)
             ... on level 3 of the Dungeon.
             The game lasted 00:05:08 (1712 turns).

101zpm the Gusty (Gnoll Air Elementalist)           Turns: 1712, Time: 00:05:09

Health: -3/32      AC:  0    Str:  7    XL:     4   Next: 9%
Magic:  2/11       EV: 16    Int: 16    God:
Gold:   71         SH:  0    Dex: 13    Spells: 12/13 levels left

rFire   . . .      SeeInvis .     - Unarmed
rCold   . . .      Faith    .   (shield currently unavailable)
rNeg    . . .      Spirit   .   (armour currently unavailable)
rPois   .          Reflect  .   (helmet currently unavailable)
rElec   .          Harm     .   (cloak currently unavailable)
rCorr   .          Rampage  .   (gloves currently unavailable)
Will    .....                   (boots currently unavailable)
Stlth   +++.......              (no amulet)
HPRegen 0.10/turn               (ring currently unavailable)
MPRegen 0.12/turn               (ring currently unavailable)

@: pig-form, very quick
A: fast, no casting, small, (fangs 1), strong nose, distributed training
a: no special abilities


You were on level 3 of the Dungeon.
You were a filthy swine.
You visited 1 branch of the dungeon, and saw 3 of its levels.

You collected 71 gold pieces.

Inventory:

Hand Weapons
 b - a +0 dagger (melded)
Armour
 a - a +0 robe (melded)
Jewellery
 j - a ring of ice
Scrolls
 c - 2 scrolls of identify {unknown}
 f - a scroll of summoning {unknown}
 g - 2 scrolls of teleportation {unknown}
 h - a scroll of vulnerability {unknown}
 k - a scroll of enchant armour {unknown}
Potions
 d - a potion of attraction {unknown}
 e - 4 potions of curing {unknown}
 i - a potion of heal wounds {unknown}
 l - a potion of degeneration {unknown}


   Skills:
 + Level 1.0 Fighting
 + Level 1.0 Short Blades
 + Level 1.0 Long Blades
 + Level 1.0 Axes
 + Level 1.0 Maces & Flails
 + Level 1.0 Polearms
 + Level 1.0 Staves
 + Level 1.0 Slings
 + Level 1.0 Bows
 + Level 1.0 Crossbows
 + Level 1.0 Throwing
 + Level 1.0 Armour
 + Level 4.6 Dodging
 + Level 4.2 Stealth
 + Level 1.0 Shields
 + Level 1.0 Unarmed Combat
 + Level 5.0 Spellcasting
 + Level 2.2 Conjurations
 + Level 0.8 Hexes
 + Level 0.8 Summonings
 + Level 0.8 Necromancy
 + Level 0.8 Translocations
 + Level 0.8 Transmutations
 + Level 0.8 Fire Magic
 + Level 0.8 Ice Magic
 + Level 5.4 Air Magic
 + Level 0.8 Earth Magic
 + Level 0.8 Poison Magic
 + Level 1.1 Invocations
 + Level 1.0 Evocations


You had 12 spell levels left.
You knew the following spells:

 Your Spells              Type           Power      Damage    Failure   Level
a - Shock                 Conj/Air       64%        1d7       3%          1

Your spell library contained the following spells:

 Spells                   Type           Power      Damage    Failure   Level
 Static Discharge         Conj/Air       16%        N/A       4%          2
 Swiftness                Air            21%        N/A       4%          3
 Corpse Rot               Necr/Air       28%        N/A       6%          2
 Airstrike                Air            10%        N/A       16%         4
 Dispel Undead            Necr           6%         3d8       71%         4
 Death Channel            Necr           3%         N/A       100%        6


Dungeon Overview and Level Annotations

Branches:
Dungeon (3/15)

Altars:

Annotations:
D:2 Robin
D:3 Ijyb


Innate Abilities, Weirdness & Mutations

You are a filthy swine.
You move quickly.
Your equipment is almost entirely melded.
You are incapable of wielding weapons or throwing items.
You cannot cast spells.
((You have very sharp teeth.))
Your uncanny sense of smell can sniff out nearby items.
Your experience applies equally to all skills.


Message History

Ijyb is severely wounded.
Ijyb barely misses you.
You hit Ijyb but do no damage.
Ijyb is severely wounded.
Ijyb completely misses you.
You barely miss Ijyb.
Ijyb is severely wounded.
Ijyb hits you with a +0 club.
You hit Ijyb but do no damage. You punch Ijyb, but do no damage.
Ijyb is severely wounded.
Ijyb hits you with a +0 club.
You hit Ijyb.
Ijyb is severely wounded.
Ijyb barely misses you.
You hit Ijyb but do no damage. Your bite misses Ijyb.
Ijyb is severely wounded.
Ijyb misses you.
You hit Ijyb. Your bite misses Ijyb.
Ijyb is severely wounded.
You barely miss Ijyb.
Ijyb is severely wounded.
Ijyb zaps a wand.
You turn into a filthy swine.
Your +0 dagger melds into your body.
Your +0 robe melds into your body.
You can't do that in your present form.
You can't do that in your present form.
You can't do that in your present form.
You hit Ijyb but do no damage.
Ijyb is severely wounded.
Ijyb hits you with a +0 club!
You hit Ijyb but do no damage.
Ijyb is severely wounded.
Ijyb hits you with a +0 club.
* * * LOW HITPOINT WARNING * * *
You hit Ijyb but do no damage.
Ijyb is severely wounded.
Ijyb closely misses you.
You hit Ijyb but do no damage.
Ijyb is severely wounded.
Ijyb hits you with a +0 club!
You die...

≈≈≈≈≈≈#.....#
≈≈
≈.....#.....#
....) #..[..#
..##+
#.....##+##
#.....#...#
#.....#...#
#.....#...# ∆
#+##.))..##'##
#.......h....#
#........g...#
##########...#
.)....#...# ∆∆
......'...# ∆∆
.)....'...#
###########


You could see Ijyb.

Vanquished Creatures
  2 adders (D:3)
  2 ball pythons (D:1)
  3 bats
  3 endoplasms
  2 giant cockroaches (D:1)
  15 goblins
  A hobgoblin (D:1)
  2 jackals (D:3)
  A quokka (D:1)
  3 frilled lizards
  A kobold (D:1)
  3 rats
38 creatures vanquished.

Notes
Turn   | Place    | Note
-------+----------+-------------------------------------------
     0 | D:1      | 101zpm the Gnoll Air Elementalist began the quest for the
                  | Orb.
     0 | D:1      | Reached XP level 1. HP: 13/13 MP: 6/6
   430 | D:1      | Reached XP level 2. HP: 19/19 MP: 5/7
  1025 | D:2      | Reached XP level 3. HP: 21/25 MP: 5/9
  1025 | D:2      | Identified the +1 helmet "Tevek" {rElec Stlth+}
  1025 | D:2      | Noticed Robin
  1029 | D:2      | Reached skill level 5 in Spellcasting
  1265 | D:3      | Reached skill level 1 in Invocations
  1319 | D:3      | Reached skill level 1 in Fighting
  1319 | D:3      | Reached skill level 1 in Short Blades
  1319 | D:3      | Reached skill level 1 in Long Blades
  1319 | D:3      | Reached skill level 1 in Axes
  1319 | D:3      | Reached skill level 1 in Maces & Flails
  1319 | D:3      | Reached skill level 1 in Polearms
  1319 | D:3      | Reached skill level 1 in Staves
  1319 | D:3      | Reached skill level 1 in Slings
  1319 | D:3      | Reached skill level 1 in Bows
  1319 | D:3      | Reached skill level 1 in Crossbows
  1319 | D:3      | Reached skill level 1 in Throwing
  1319 | D:3      | Reached skill level 1 in Armour
  1319 | D:3      | Reached skill level 1 in Shields
  1319 | D:3      | Reached skill level 1 in Unarmed Combat
  1319 | D:3      | Reached skill level 1 in Evocations
  1601 | D:3      | Reached XP level 4. HP: 32/32 MP: 7/11
  1666 | D:3      | Noticed Ijyb
  1712 | D:3      | Slain by Ijyb

Illustrated notes

Levels and vault maps discovered:
D:1:      sevenhm_arrival_forest_fort_small_3, layout_basic
D:2:      layout_loops_ring, hellmonk_ecumenical_altar_arch_garden, uniq_robin
D:3:      kennysheep_goblin_castle, layout_rooms

Skill      XL: |  1  2  3 |
---------------+----------+-----
Conjurations   | 2 |  2.2
Spellcasting   | 5 |  5.0
Invocations    | 1 |  1.1
Fighting       | 1 |  1.0
Short Blades   | 1 |  1.0
Long Blades    | 1 |  1.0
Axes           | 1 |  1.0
Maces & Flails | 1 |  1.0
Polearms       | 1 |  1.0
Staves         | 1 |  1.0
Slings         | 1 |  1.0
Bows           | 1 |  1.0
Crossbows      | 1 |  1.0
Throwing       | 1 |  1.0
Armour         | 1 |  1.0
Shields        | 1 |  1.0
Unarmed Combat | 1 |  1.0
Evocations     | 1 |  1.0
Dodging        | |  4.6
Stealth        | |  4.2
Hexes          | |  0.8
Summonings     | |  0.8
Necromancy     | |  0.8
Translocations | |  0.8
Transmutations | |  0.8
Fire Magic     | |  0.8
Ice Magic      | |  0.8
Air Magic      | |  5.4
Earth Magic    | |  0.8
Poison Magic   | |  0.8

Action                   |  1- 3 |  4- 6 || total
-------------------------+-------+-------++-------
Melee: Unarmed           |    10 |     4 ||    14
       Dagger            |     1 |    25 ||    26
       Bite              |       |     2 ||     2
       Punch             |       |     1 ||     1
 Cast: Shock             |    57 |    15 ||    72
 Stab: Sleeping          |     1 |       ||     1
Armor: Robe              |     4 |       ||     4
       Skin              |       |    12 ||    12
Dodge: Dodged            |    21 |     9 ||    30
